 Dungeon Crawl Stone Soup version 0.32-a0-673-g3729bd50f8 (webtiles) character file.

Game seed: 10283883375195385295

17421 tilp the Covert (level 12, -1/91 HPs)
             Began as a Vampire Enchanter on Mar 10, 2024.
             Was a Follower of Wu Jian.
             Collided with a rock wall (10 damage)
             ... after being knocked back by a rakshasa
             ... on level 10 of the Dungeon.
             The game lasted 00:29:20 (13735 turns).

tilp the Covert (Vampire Enchanter)                Turns: 13735, Time: 00:29:20

Health: -1/91      AC: 12    Str:  9    XL:     12   Next: 18%
Magic:  10/20      EV: 12    Int: 25    God:    Wu Jian [*.....]
Gold:   479        SH:  5    Dex: 10    Spells: 10/22 levels left

rFire   + + .        a - +2 dagger (heavy)
rCold   + . .        I - +0 buckler
rNeg    . . .        v - +0 steam dragon scales
rPois   .            H - +2 helmet
rElec   .            (no cloak)
rCorr   +            f - +2 pair of gloves
SInv    +            (no boots)
Will    +....        (no amulet)
Stlth   ++++         T - ring "Coetsy" {rF++ Will- rCorr Str+2 Int+3}
HPRegen 0.55/turn    Q - ring "Leruel" {rC+ Will+ rCorr Dex-5}
MPRegen 0.17/turn

%: no passive effects
@: healing quickly
A: alive, fangs 3, see invisible, vampiric 2
a: Exsanguinate, Renounce Religion


You were on level 10 of the Dungeon.
You worshipped Wu Jian.
Wu Jian was aware of your devotion.
You visited 2 branches of the dungeon, and saw 12 of its levels.
You also visited: Sewer and Ossuary.

You collected 620 gold pieces.
You spent 141 gold pieces at shops.

Inventory:

Hand Weapons
 a - a +2 heavy dagger (weapon)
 b - a +2 scimitar of flaming
 U - a +1 dagger
Missiles
 i - 2 throwing nets {!f}
 l - 4 javelins
 n - 9 boomerangs (quivered)
 u - 26 poisoned darts
 w - 5 curare-tipped darts
Armour
 f - a +2 pair of gloves (worn)
 m - a +0 kite shield
 v - +0 steam dragon scales (worn)
 H - a +2 helmet (worn)
 I - a +0 buckler (worn)
 S - a +1 robe of willpower
Magical Staves
 P - a staff of death
 R - a staff of fire
Jewellery
 p - an amulet of faith
 y - the ring "Hirimol" {rElec rC+ Str+2 Int-3 Stlth+}
   (You found it on level 5 of the Dungeon)

   [ring of protection from cold]

   Str+2:     It affects your strength (+2).
   Int-3:     It affects your intelligence (-3).
   rC+:       It protects you from cold.
   rElec:     It insulates you from electricity.
   Stlth+:    It makes you more stealthy.
 B - a +6 ring of strength
 N - a +6 ring of strength
 Q - the ring "Leruel" (right hand) {rC+ Will+ rCorr Dex-5}
   (You found it on level 9 of the Dungeon)

   [ring of resist corrosion]

   Dex-5:     It affects your dexterity (-5).
   rC+:       It protects you from cold.
   Will+:     It increases your willpower.
   rCorr:     It protects you from acid and corrosion.
 T - the ring "Coetsy" (left hand) {rF++ Will- rCorr Str+2 Int+3}
   (You took it off an efreet on level 9 of the Dungeon)

   [ring of resist corrosion]

   Str+2:     It affects your strength (+2).
   Int+3:     It affects your intelligence (+3).
   rF++:      It greatly protects you from fire.
   Will-:     It decreases your willpower.
   rCorr:     It protects you from acid and corrosion.
 V - a ring of wizardry
Wands
 g - a wand of charming (3)
 k - a wand of flame (35)
 J - a wand of mindburst (17)
 K - a wand of iceblast (3)
 M - a wand of acid (5)
Scrolls
 q - 2 scrolls of poison
 s - 2 scrolls of fear
 t - a scroll of immolation
 x - 2 scrolls of revelation
 C - a scroll of enchant armour
 D - a scroll of torment
 E - 2 scrolls of enchant weapon
 L - a scroll of fog
 O - 3 scrolls of teleportation
 Y - a scroll of blinking
Potions
 c - 2 potions of invisibility
 d - 2 potions of magic
 e - 2 potions of haste
 h - 7 potions of curing
 j - 4 potions of heal wounds
 o - 3 potions of enlightenment
 r - a potion of ambrosia
 z - 2 potions of might
 A - a potion of lignification {unknown}
 F - 2 potions of resistance
 G - a potion of berserk rage {unknown}
 W - a potion of attraction {unknown}


   Skills:
 * Level 7.3 Fighting
 - Level 10.0(10.2) Short Blades
 + Level 2.7(6.4) Long Blades
 + Level 4.5 Armour
 + Level 5.3 Dodging
 + Level 11.2 Stealth
 + Level 5.0 Shields
 + Level 5.8 Spellcasting
 - Level 2.0 Conjurations
 * Level 10.4 Hexes
 - Level 2.0 Ice Magic
 + Level 5.0 Evocations


You had 10 spell levels left.
You knew the following spells:

 Your Spells              Type           Power      Damage    Failure   Level
a - Ensorcelled Hibernat  Hex/Ice        76%        N/A       1%          2
b - Confusing Touch       Hex            56%        N/A       1%          3
c - Tukima's Dance        Hex            56%        N/A       1%          3
d - Dazzling Flash        Conj/Hex       76%        N/A       2%          3
e - Slow                  Hex            100%       N/A       1%          1

Your spell library contained the following spells:

 Spells                   Type           Power      Damage    Failure   Level
 Sigil of Binding         Hex            56%        N/A       1%          3
 Magic Dart               Conj           68%        1d6       4%          1
 Searing Ray              Conj           34%        2d5       8%          2
 Ozocubu's Armour         Ice            17%        N/A       14%         3
 Blink                    Tloc           14%        N/A       17%         2
 Call Imp                 Summ           14%        N/A       17%         2
 Fugue of the Fallen      Necr           7%         N/A       32%         3
 Vampiric Draining        Necr           7%         2d6       32%         3
 Fulminant Prism          Conj/Alch      6%         3d7       58%         4
 Manifold Assault         Tloc           7%         N/A       73%         4
 Iskenderun's Battlesphe  Conj           17%        2d7       80%         5
 Fireball                 Conj/Fire      6%         3d5       90%         5
 Lehudib's Crystal Spear  Conj/Erth      6%         10d3      100%        8


Dungeon Overview and Level Annotations

Branches:
Dungeon (11/15)            Temple (1/1) D:6            Lair (0/5) D:9
    Orc (0/2) D:9           Sewer (visited)         Ossuary (visited)

Altars:
Ashenzari
Cheibriados
Dithmenos
Fedhas
Gozag
Hepliaklqana
Kikubaaqudgha
Makhleb
Nemelex Xobeh
Okawaru
Qazlal
Ru
Sif Muna
Trog
Uskayaw
Vehumet
Wu Jian
Xom
Yredelemnul

Shops:
D:5 !   D:6 *   D:8 ((   D:10 [


Innate Abilities, Weirdness & Mutations

Your natural rate of healing is accelerated.
You have razor-sharp teeth.
You have supernaturally acute eyesight. (SInv)
You are afflicted with vampirism and can become a bat while bloodless.


Message History

Aiming: Ensorcelled Hibernation (safe; 1% risk of failure)
Press: ? - help, Shift-Dir - straight line, f - basilisk
Aim: a basilisk (lightly wounded, chance to affect: 65%)
The basilisk struggles to resist.
The basilisk closely misses you. You block the rakshasa's attack.
The basilisk closely misses you.
The basilisk bites you but does no damage.
Unknown command.
The basilisk attacks as it pursues you! The basilisk bites you!
* * * LOW HITPOINT WARNING * * *
You spin and attack the rakshasa repeatedly.
You hit the rakshasa.
The rakshasa is lightly wounded.
You barely miss the rakshasa. Your bite misses the rakshasa.
The rakshasa is lightly wounded.
The rakshasa barely misses you. The basilisk attacks as it pursues you!
The basilisk misses you. The rakshasa attacks as it pursues you!
You block the rakshasa's attack.
There is a stone staircase leading up here.
The rakshasa closely misses you.
You climb upwards.
The basilisk shimmers and vanishes!
There is a stone staircase leading down here.
Unknown command.
Casting: Ensorcelled Hibernation (safe; 1% risk of failure)
Confirm with . or Enter, or press ? or * to list all spells.
Casting: Dazzling Flash (mildly dangerous; 2% risk of failure)
Press: ? - help, Dir - look around, f - activate The rakshasa hits you but does no damage.
Unknown command.
Unknown command.
Unknown command.
Casting: Dazzling Flash (mildly dangerous; 2% risk of failure)
Confirm with . or Enter, or press ? or * to list all spells.
Casting: Dazzling Flash (mildly dangerous; 2% risk of failure)
Press: ? - help, Dir - look around, f - activate The rakshasa gestures at you.
The lance of force hits you!!
* * * LOW HITPOINT WARNING * * *
You are knocked back by the lance of force.
You slam into the rock wall!
You die...

####.......#### #.
#.............# #.
####..........##################.
#.....#.#..........÷..........
#.............................
##....#.#.......÷.............
#...........R.##...ß.....<...
#.......^...>.#..........####
#...........@.#..........#...
###.....#######.......†..#...
#.....#.......#........#...
#.....#.......#######+##...
#.....#....................
#.....#....................
#.....#....................
#.....#.......#####.#####..
#.....#.......# #.#...###


You could see a rakshasa.

Vanquished Creatures
  Snorg (D:10)
  A hydra (D:9)
  A centaur warrior (D:9)
  2 two-headed ogres (D:10)
  A boulder beetle (D:9)
  2 death yaks (D:10)
  Pikel (D:6)
  A cyclops (D:8)
  A kobold demonologist (D:10)
  A polar bear (shapeshifter) (D:9)
  A troll (D:9)
  A polar bear (D:10)
  2 hornets (D:9)
  Sigmund (D:5)
  A centaur simulacrum (D:10)
  2 shadows
  4 wyverns
  3 wraiths
  20 yaks
  2 steam dragons
  Menkaure (D:5)
  3 acid dragons
  A water moccasin (D:7)
  A black bear (shapeshifter) (D:9)
  3 orc warriors
  An ice beast (D:6)
  A black bear (D:4)
  3 sky beasts
  2 ogres
  4 lemures (D:6)
  6 centaurs
  3 phantoms
  6 kobold brigands
  A bullfrog (D:8)
  2 brain worms (Sewer)
  4 gnoll sergeants
  An elf zombie (Ossuary)
  2 scorpions
  A wight (D:9)
  7 killer bees
  4 howler monkeys
  A bombardier beetle (D:7)
  5 crimson imps (D:9)
  4 centaur zombies (Ossuary)
  2 gnoll boudas
  4 orc priests
  2 human zombies (Ossuary)
  A bullfrog skeleton (D:7)
  4 hounds
  A sleepcap (D:7)
  2 iguanas
  2 orc wizards
  4 scorpion zombies (D:7)
  A killer bee zombie (D:7)
  7 hound zombies (Ossuary)
  2 mummies (Ossuary)
  17 gnolls
  4 howler monkey skeletons
  13 adders
  5 river rats (Sewer)
  3 shadow imps
  6 white imps
  A howler monkey simulacrum (D:10)
  4 ufetubi
  2 adder zombies (Ossuary)
  2 ribbon worms (D:3)
  A dart slug (D:1)
  30 orcs
  18 ball pythons
  6 bats
  11 endoplasms
  4 giant cockroaches
  5 goblins
  3 hobgoblins
  5 jackals
  A quokka (D:4)
  5 frilled lizards
  5 gnoll zombies (Ossuary)
  6 jackal zombies (Ossuary)
  12 kobolds
  5 kobold zombies (Ossuary)
  4 orc zombies (Ossuary)
  11 rats
337 creatures vanquished.

Vanquished Creatures (collateral kills)
  An efreet (D:9)
  A scorpion zombie (D:7)
  2 gnolls (D:7)
4 creatures vanquished.

Vanquished Creatures (others)
  A dancing weapon (D:9)
  A gnoll sergeant (D:7)
  A butterfly (D:3)
3 creatures vanquished.

Grand Total: 344 creatures vanquished

Notes
Turn   | Place    | Note
-------+----------+-------------------------------------------
     0 | D:1      | tilp the Vampire Enchanter began the quest for the Orb.
     0 | D:1      | Reached XP level 1. HP: 13/13 MP: 3/3
    99 | D:1      | Reached XP level 2. HP: 20/20 MP: 5/5
   107 | D:1      | Learned a level 2 spell: Ensorcelled Hibernation
   451 | D:1      | Reached skill level 1 in Fighting
   550 | D:1      | Gained mutation: You are afflicted with vampirism and can
                  | become a bat while bloodless. [Vampire growth]
   550 | D:1      | Reached XP level 3. HP: 24/26 MP: 6/6
   554 | D:1      | Learned a level 3 spell: Confusing Touch
  1308 | D:2      | Reached skill level 1 in Ice Magic
  1380 | D:2      | Reached XP level 4. HP: 30/32 MP: 2/7
  1456 | D:2      | Identified the +10 dagger of the Feeding Gods {holy, *Noise
                  | rC+ Will- Int+5}
  1671 | D:2      | Learned a level 1 spell: Slow
  1913 | D:3      | Found a broken altar of Ashenzari.
  2280 | D:3      | Reached skill level 5 in Stealth
  2320 | D:3      | Found a burning altar of Makhleb.
  2516 | D:3      | Reached skill level 5 in Hexes
  2582 | D:3      | Reached XP level 5. HP: 38/38 MP: 8/8
  3271 | D:4      | Noticed a centaur
  3277 | D:4      | Killed a centaur
  3278 | D:4      | Reached XP level 6. HP: 32/44 MP: 2/9
  3390 | D:4      | Noticed a +0 hand axe
  3391 | D:4      | Noticed a +0 dagger
  3392 | D:4      | Found a hide-covered altar of Uskayaw.
  3429 | D:4      | Got Lehudib's Discursus on Lapidarian Concussion
  3702 | D:4      | Reached skill level 1 in Evocations
  3706 | D:4      | Learned a level 3 spell: Tukima's Dance
  3775 | D:4      | Reached XP level 7. HP: 51/51 MP: 11/11
  3973 | D:4      | Found a sacrificial altar of Ru.
  4091 | D:5      | Entered Level 5 of the Dungeon
  4117 | D:5      | Noticed Sigmund
  4144 | D:5      | Reached skill level 6 in Stealth
  4255 | D:5      | Found a glowing drain.
  4297 | Sewer    | Entered a sewer
  4435 | Sewer    | Reached XP level 8. HP: 59/59 MP: 7/12
  4634 | Sewer    | Reached skill level 5 in Short Blades
  5498 | D:5      | Identified the ring "Hirimol" {rElec rC+ Str+2 Int-3
                  | Stlth+}
  5566 | D:5      | Noticed Menkaure
  5574 | D:5      | Killed Menkaure
  5595 | D:5      | Reached skill level 7 in Stealth
  5631 | D:5      | Found Jiatuote's Distillery.
  5638 | D:5      | Bought a potion of curing for 36 gold pieces
  5876 | D:5      | Killed Sigmund
  5922 | D:5      | Found an opulent altar of Gozag.
  5922 | D:5      | Found a sparkling altar of Nemelex Xobeh.
  5964 | D:6      | Learned a level 3 spell: Dazzling Flash
  6043 | D:6      | Found a snail-covered altar of Cheibriados.
  6174 | D:6      | Found a stormy altar of Qazlal.
  6332 | D:6      | Reached XP level 9. HP: 67/67 MP: 12/15
  6565 | D:6      | Reached skill level 5 in Fighting
  6884 | D:6      | Found a hazy altar of Hepliaklqana.
  6904 | D:6      | Found a staircase to the Ecumenical Temple.
  6971 | D:6      | Found Yrau's General Store.
  6981 | D:6      | Bought a scroll of enchant weapon for 105 gold pieces
  7044 | D:6      | Noticed Pikel
  7075 | D:6      | Killed Pikel
  7076 | D:6      | Reached skill level 8 in Stealth
  7097 | Temple   | Entered the Ecumenical Temple
  7733 | D:7      | Found a sand-covered staircase.
  7823 | Ossuary  | Entered an ossuary
  8105 | Ossuary  | Reached skill level 5 in Spellcasting
  8159 | Ossuary  | Reached skill level 9 in Stealth
  8400 | D:7      | Reached XP level 10. HP: 70/76 MP: 14/17
  8530 | D:7      | Reached skill level 1 in Armour
  9460 | D:8      | Upgraded the game from 0.32-a0-665-g3d30ec2550 to
                  | 0.32-a0-673-g3729bd50f8
  9461 | D:8      | Found Fejukhymu's Antique Weapon Shop.
  9507 | D:8      | Noticed a cyclops
  9510 | D:8      | Reached skill level 10 in Stealth
  9820 | D:8      | Killed a cyclops
  9821 | D:8      | Reached skill level 1 in Shields
  9930 | D:8      | Found Niunuisu's Antique Weapon Boutique.
 10348 | D:9      | Reached skill level 1 in Conjurations
 10376 | D:9      | Noticed a boulder beetle
 10376 | D:9      | Noticed a cane toad
 10408 | D:9      | Reached skill level 10 in Short Blades
 10616 | D:9      | Found an iron altar of Okawaru.
 10773 | D:9      | Noticed a seven-headed hydra
 10784 | D:9      | Reached XP level 11. HP: 72/81 MP: 0/18
 11008 | D:9      | Killed a boulder beetle
 11070 | D:9      | Found a staircase to the Lair.
 11171 | D:9      | Noticed a centaur warrior
 11178 | D:9      | Killed a centaur warrior
 11397 | D:9      | Identified the +0 flail "Liesseut" {speed, *Rage rF+ Str-4
                  | Int+8}
 11398 | D:9      | Identified the ring "Leruel" {rC+ Will+ rCorr Dex-5}
 11436 | D:9      | Identified the +3 longbow of Zonurul {elec, rC+ Will+ Str+3
                  | Int-5}
 11461 | D:9      | Identified the ring "Coetsy" {rF++ Will- rCorr Str+2 Int+3}
 11470 | D:9      | Found a staircase to the Orcish Mines.
 11790 | D:9      | Found an ornate altar of the Wu Jian Council.
 11921 | D:9      | Became a worshipper of the Wu Jian Council
 11986 | D:9      | Reached skill level 1 in Long Blades
 12169 | D:9      | Killed a seven-headed hydra
 12419 | D:10     | Entered Level 10 of the Dungeon
 12441 | D:10     | Reached * piety under Wu Jian
 12559 | D:10     | Noticed a death yak
 12565 | D:10     | Killed a death yak
 12570 | D:10     | Noticed a death yak
 12634 | D:10     | Noticed a two-headed ogre
 12640 | D:10     | Killed a two-headed ogre
 12641 | D:10     | Reached skill level 5 in Dodging
 12755 | D:10     | Reached skill level 11 in Stealth
 12755 | D:10     | Reached skill level 10 in Hexes
 12816 | D:10     | Killed a death yak
 12817 | D:10     | Reached XP level 12. HP: 48/91 MP: 17/20
 13076 | D:10     | Found a blossoming altar of Fedhas.
 13320 | D:10     | Noticed a two-headed ogre
 13326 | D:10     | Killed a two-headed ogre
 13365 | D:10     | Found Mesuv's Antique Armour Boutique.
 13488 | D:10     | Noticed Snorg
 13495 | D:10     | Killed Snorg
 13496 | D:10     | Reached skill level 5 in Shields
 13496 | D:10     | Reached skill level 5 in Evocations
 13711 | D:11     | Noticed a rakshasa
 13735 | D:10     | Collided with a rock wall

Illustrated notes

Levels and vault maps discovered:
D:1:      psy_arrival_conway, layout_basic, serial_aquarium,
          aquarium_bridge_long_separate [aquarium_subvault_bridge,
          aquarium_subvault_bridge, aquarium_subvault_bridge,
          aquarium_subvault_wall, aquarium_subvault_bridge,
          aquarium_subvault_wall], aquarium_bridge_island_small
          [aquarium_subvault_small_open, aquarium_subvault_wall,
          aquarium_subvault_bridge, aquarium_subvault_bridge,
          aquarium_subvault_wall], aquarium_window_corner, aquarium_window_fake,
          aquarium_view_2e, aquarium_balcony_3a, aquarium_pool_split
D:2:      wander_river, layout_loops_ring
D:3:      layout_loops_corners, nicolae_elyvilon_peaceful_grove,
          cheibrodos_ashenzari_chains, bloody_makhleb, minmay_pentangle
D:4:      layout_loops_ring, nicolae_ru_the_path_less_chosen,
          dancing_weapons_uskayaw
D:5:      layout_gridville, grunt_temple_overflow_opulence,
          portal_sewer_entry_d, serial_shops, nicolae_stop_n_shop_2,
          uniq_sigmund, uniq_menkaure
D:6:      layout_loops_corners, kennysheep_mini_moat, general_overflow_altar,
          nicolae_qazlal_general_emergency, mainiacjoe_overflow_surrounded_room,
          minmay_temple_entry_waves, serial_undead, serial_undead_b,
          serial_undead_b, serial_undead_a, serial_undead_f, serial_shops,
          nicolae_shop_window_shopping, uniq_pikel
D:7:      layout_loops_cross, mainiacjoe_ossuary_entry_find_the_door,
          nicolae_zig_zag_zippers
D:8:      layout_loops_ring, serial_shops, shop_fountains,
          nicolae_shop_statue_plus
D:9:      minmay_the_grid_octo_tiled_squarecenter
          [minmay_the_grid_octo_thin_diamonds, minmay_the_grid_octo_fan_narrow,
          minmay_the_grid_octo_clover, minmay_the_grid_octo_checkered,
          minmay_the_grid_square_5x5_megaprize_diamond,
          minmay_the_grid_square_5x5_spiral,
          minmay_the_grid_square_5x5_spiral_small,
          minmay_the_grid_square_5x5_tri_point,
          minmay_the_grid_square_5x5_hollow_slash], layout_basic,
          okawaru_trees_1, lemuel_crystal_altar, lair_entry_dummy,
          minmay_nine_imps
D:10:     layout_irregular_city, nicolae_overflow_hidden_temple, serial_ice,
          serial_ice_d, serial_ice_b, serial_ice_l, serial_ice_h, serial_shops,
          nicolae_shop_back_alley_shop, uniq_snorg
D:11:     dragon1_lemuel, layout_cave_pools
Temple:   pf_temple_reverse_labyrinth

Skill      XL: |  1  2  3  4  5  6  7  8  9 10 11 12 |
---------------+-------------------------------------+-----
Fighting       | 1 2 3 4 6 7 |  7.3
Short Blades   | 2 3 4 6 8 10 | 10.0
Ice Magic      | 1 2 |  2.0
Stealth        | 5 6 7 9 10 11 | 11.2
Hexes          | 5 6 7 8 10 | 10.4
Dodging        | 3 4 5 |  5.3
Evocations     | 1 2 4 5 |  5.0
Spellcasting   | 3 4 5 |  5.8
Armour         | 3 4 |  4.5
Shields        | 3 4 5 |  5.0
Conjurations   | 2 |  2.0
Long Blades    | 2 |  2.7

Action                     |  1- 3 |  4- 6 |  7- 9 | 10-12 || total
---------------------------+-------+-------+-------+-------++-------
  Melee: Dagger            |   111 |   136 |   643 |   329 ||  1219
         Bite              |    10 |    17 |    96 |    48 ||   171
  Throw: Boomerang         |       |       |     1 |     4 ||     5
   Cast: Ensorcelled Hiber |     8 |    30 |    81 |   126 ||   245
         Slow              |       |     1 |     2 |     3 ||     6
         Confusing Touch   |       |     1 |    19 |    16 ||    36
         Dazzling Flash    |       |       |     2 |    11 ||    13
         Tukima's Dance    |       |       |       |     2 ||     2
Ability: Lunge             |       |       |       |    15 ||    15
         Whirlwind         |       |       |       |     2 ||     2
  Evoke: Wand              |       |       |     1 |     5 ||     6
    Use: Scroll            |     5 |     4 |     9 |     6 ||    24
   Stab: Sleeping          |    12 |    28 |    55 |    83 ||   178
         Distracted        |       |     1 |     1 |     1 ||     3
         Confused          |       |       |    16 |    16 ||    32
         Invisible         |       |       |       |     3 ||     3
 Armour: Robe              |    74 |    84 |   100 |       ||   258
         Steam dragon scal |       |       |   209 |   186 ||   395
  Dodge: Dodged            |    62 |    55 |   357 |   189 ||   663
  Block: Buckler           |       |       |       |    48 ||    48

Table legend: (Time is in decaauts)
 A = Elapsed time spent in this place.
 B = Non-inter-level travel time spent in this place.
 C = Inter-level travel time spent in this place.
 D = Time resting spent in this place.
 E = Time spent auto-exploring this place.
 F = Levels seen in this place.
 G = Mean time per level.
                   A        B        C        D        E       F      G
               +--------+--------+--------+--------+--------+-----+--------+
         Total |  13497 |  13015 |    482 |   1129 |   8592 |  14 |  964.1 |
       Dungeon |  11677 |  11195 |    482 |    968 |   7630 |  11 | 1061.5 |
        Temple |     80 |     80 |      0 |      0 |     79 |   1 |   80.0 |
         Sewer |   1323 |   1323 |      0 |     55 |    788 |   1 | 1323.0 |
       Ossuary |    415 |    415 |      0 |    106 |     95 |   1 |  415.0 |
               +--------+--------+--------+--------+--------+-----+--------+

Top non-repeatable levels by time:
     D:9: 1973 daAuts
     D:6: 1387 daAuts
     D:3: 1385 daAuts
     D:7: 1354 daAuts
   Sewer: 1323 daAuts
    D:10: 1256 daAuts
     D:1: 981 daAuts
     D:4: 937 daAuts
     D:8: 934 daAuts
     D:2: 764 daAuts
     D:5: 649 daAuts
 Ossuary: 415 daAuts
  Temple: 80 daAuts
    D:11: 53 daAuts
